Map: Ulrena

Players

iZinHo - Winner!

  • Race: Zerg Zerg
  • League: Diamond

Worming

  • Race: Zerg Zerg
  • League: Diamond

VOD

Have the link to the VOD?

Description

Time

  • Played on: May 21, 2016, 4:21 a.m.
  • Length: 4:23
Show
View Real Time Build Order
Export as new Build Order

iZinHo Zerg - Winner!

Build Orders: Pool First 

Get SALT Encoding   

  12  0:01  Drone  
  13  0:12  Overlord  
  13  0:17  Drone  
  14  0:30  Drone x2  
  14  0:35  Drone  
  17  0:36  Extractor  
  16  0:48  Spawning Pool  
  15  0:50  Drone  
  15  0:55  Drone  
  17  1:06  Drone  
  18  1:18  Drone  
  19  1:32  Hatchery  
  18  1:37  Metabolic Boost  
  18  1:43  Queen  
  20  1:51  Overlord  
  20  1:59  Zergling x2  
  20  2:00  Zergling x2  
  22  2:10  Zergling x2  
  23  2:17  Zergling x2  
  24  2:26  Zergling x2  
  25  2:31  Baneling Nest  
  25  2:36  Zergling x2  
  25  2:53  Zergling x10  
  30  3:00  Overlord  
  30  3:03  Zergling x2  
  31  3:07  Zergling x2  
  31  3:18  Zergling x4  
  33  3:24  Zergling x6  
  35  3:33  Zergling x2  
  34  3:38  Zergling x2  
  34  3:39  Zergling x2  
  35  3:46  Baneling  
  35  3:47  Zergling x2  
Show
View Real Time Build Order
Export as new Build Order

Worming Zerg 

Build Orders: Pool First 

Get SALT Encoding   

  12  0:01  Drone  
  13  0:09  Drone  
  14  0:17  Overlord  
  14  0:25  Drone, Extractor  
  14  0:30  Extractor  
  14  0:31  Drone  
  15  0:38  Drone  
  16  0:51  Spawning Pool  
  16  0:52  Drone  
  16  0:56  Drone  
  17  1:23  Hatchery  
  16  1:29  Drone  
  17  1:37  Metabolic Boost  
  17  1:44  Drone  
  18  1:53  Queen  
  20  1:55  Zergling x2  
  21  2:01  Overlord  
  21  2:10  Drone  
  22  2:20  Drone x2  
  24  2:29  Queen  
  26  2:34  Drone  
  27  2:42  Queen  
  27  2:44  Drone x2  
  31  2:56  Zergling x4  
  33  3:02  Spine Crawler  
  33  3:03  Baneling Nest  
  31  3:12  Zergling x6  
  34  3:16  Spine Crawler  
  26  3:38  Zergling x2  
  26  3:39  Zergling x10  
  30  3:47  Spine Crawler  
  27  4:02  Baneling x5  
  25  4:04  Zergling x2  
  25  4:05  Zergling x12  
Tags
 
Add a new tag
Caveats
  • Supply blocks, unpowered buildings, or Contaminate may cause inaccurate times.
  • Supply counts are checked every 10 seconds.